 Dungeon Crawl Stone Soup version 0.31.0-12-g77e489cdc1 (webtiles) character file.

Game seed: 15003014527150395375

7443 DildoBatman the Geomancer (level 11, -5/79 HPs)
             Began as a Formicid Conjurer on Feb 16, 2024.
             Was a Priest of Kikubaaqudgha.
             Killed from afar by a gargoyle (20 damage)
             ... with a stone arrow
             ... on level 10 of the Dungeon.
             The game lasted 00:30:51 (9400 turns).

DildoBatman the Geomancer (Formicid Conjurer)       Turns: 9400, Time: 00:30:52

Health: -5/79      AC: 10    Str: 16    XL:     11   Next: 37%
Magic:  5/20       EV: 13    Int: 21    God:    Kikubaaqudgha [***...]
Gold:   450        SH:  0    Dex: 18    Spells: 8/22 levels left

rFire   . . .        a - +10 sling "Kacyett" {speed, Str+3}
rCold   . . .        (no shield)
rNeg    . . .        Q - +0 steam dragon scales
rPois   .            (helmet unavailable)
rElec   .            S - +1 cloak
rCorr   .            j - +0 pair of gloves
SInv    +            f - +0 pair of boots
Will    +....        (no amulet)
Stlth   +++          v - +6 ring of dexterity
HPRegen 0.33/turn    M - ring of wizardry
MPRegen 0.17/turn

%: wizardry (x1)
@: no status effects
A: permanent stasis, dig shafts and tunnels, antennae 3, four strong arms
a: Dig, Shaft Self, Renounce Religion, Unearth Wretches


You were on level 10 of the Dungeon.
You worshipped Kikubaaqudgha.
Kikubaaqudgha was most pleased with you.
You visited 2 branches of the dungeon, and saw 11 of its levels.

You collected 450 gold pieces.

Inventory:

Hand Weapons
 a - the +10 sling "Kacyett" (weapon) {speed, Str+3}
   (You took it off a goblin on level 2 of the Dungeon)

   Str+3:     It affects your strength (+3).
 d - a +2 scimitar of flaming
 T - the +1 dagger of Wyptaegg {freeze, Str+3 Int+6 Dex-4}
   (You found it on level 8 of the Dungeon)

   Str+3:     It affects your strength (+3).
   Int+6:     It affects your intelligence (+6).
   Dex-4:     It affects your dexterity (-4).
Missiles
 x - 21 poisoned darts
 U - a throwing net
Armour
 f - a +0 pair of boots (worn)
 j - a +0 pair of gloves (worn)
 p - a +0 tower shield
 Q - +0 steam dragon scales (worn)
 S - a +1 cloak (worn)
Magical Staves
 c - a staff of death
 g - a staff of alchemy
Jewellery
 h - a ring of protection from cold
 s - a ring of fire
 v - a +6 ring of dexterity (left hand)
 B - a ring of fire
 M - a ring of wizardry (right hand)
 N - a ring of flight
 P - a ring of willpower
Wands
 y - a wand of charming (44)
 F - a wand of mindburst (24)
 K - a wand of flame (39)
Scrolls
 e - 4 scrolls of revelation {unknown}
 i - 15 scrolls of identify {unknown}
 k - 6 scrolls of blinking {unknown}
 l - 5 scrolls of enchant weapon {unknown}
 m - 3 scrolls of teleportation {unknown}
 q - a scroll of vulnerability {unknown}
 w - 2 scrolls of fog {unknown}
 z - 3 scrolls of noise {unknown}
 D - a scroll of fear {unknown}
 H - a scroll of poison {unknown}
 I - a scroll of summoning {unknown}
 L - 4 scrolls of immolation {unknown}
 R - 3 scrolls of amnesia {unknown}
Potions
 b - a potion of magic
 n - 4 potions of attraction {unknown}
 o - a potion of invisibility {unknown}
 r - a potion of berserk rage {unknown}
 t - 2 potions of cancellation {unknown}
 u - 2 potions of brilliance {unknown}
 A - a potion of lignification {unknown}
 C - 2 potions of haste {unknown}
 E - 2 potions of degeneration {unknown}
 G - 4 potions of heal wounds
 J - 3 potions of might {unknown}
 O - a potion of resistance {unknown}


   Skills:
 - Level 5.0 Fighting
 - Level 5.0 Throwing
 - Level 5.0 Armour
 - Level 3.0 Dodging
 - Level 4.0 Stealth
 - Level 6.2 Shields
 * Level 6.1 Spellcasting
 - Level 6.0 Conjurations
 * Level 8.0 Necromancy
 * Level 8.4 Earth Magic


You had 8 spell levels left.
You knew the following spells:

 Your Spells              Type           Power      Damage    Failure   Level
a - Searing Ray           Conj           62%        2d6       1%          2
b - Sublimation of Blood  Necr           40%        N/A       1%          2
c - Magic Dart            Conj           100%       1d8       1%          1
d - Dispel Undead         Necr           40%        3d16      1%          4
e - Borgnjor's Vile Clut  Necr/Erth      20%        N/A       3%          5

Your spell library contained the following spells:

 Spells                   Type           Power      Damage    Failure   Level
 Kiss of Death            Conj/Necr      100%       2d13      1%          1
 Cigotuvi's Dreadful Rot  Necr/Alch/Air  34%        N/A       1%          2
 Animate Dead             Necr           40%        N/A       1%          4
 Lee's Rapid Deconstruct  Erth           21%        3d12*     3%          5
 Curse of Agony           Necr           40%        N/A       4%          5
 Leda's Liquefaction      Alch/Erth      12%        N/A       7%          4
 Anguish                  Hex/Necr       11%        N/A       8%          4
 Martyr's Knell           Necr/Summ      23%        N/A       8%          4
 Gell's Gravitas          Tloc           6%         N/A       12%         3
 Teleport Other           Tloc           6%         N/A       12%         3
 Fulminant Prism          Conj/Alch      9%         3d7       12%         4
 Iskenderun's Mystic Bla  Conj/Tloc      19%        2d6       12%         4
 Bombard                  Conj/Erth      18%        9d4       28%         6
 Cause Fear               Hex            3%         N/A       34%         4
 Passage of Golubria      Tloc           6%         N/A       34%         4
 Silence                  Hex/Air        3%         N/A       69%         5
 Dispersal                Tloc           3%         N/A       99%         6
 Enfeeble                 Hex            3%         N/A       100%        7
 Lehudib's Crystal Spear  Conj/Erth      18%        10d5      100%        8


Dungeon Overview and Level Annotations

Branches:
Dungeon (10/15)            Temple (1/1) D:4
   Lair: D:8-11         Orc: D:9-12

Altars:
Ashenzari
Cheibriados
Dithmenos
Elyvilon
Fedhas
Gozag
Hepliaklqana
Kikubaaqudgha
Makhleb
Nemelex Xobeh
Okawaru
Qazlal
Ru
Sif Muna
Trog
Wu Jian
Xom
Yredelemnul
Zin
The Shining One

Shops:
D:3 [   D:8 :   D:10 (


Innate Abilities, Weirdness & Mutations

You cannot be hasted, slowed, berserked, paralysed or teleported.
You can dig through walls and to a lower floor.
You have a pair of large antennae on your head. (SInv)
Your four strong arms can wield two-handed weapons with a shield.


Message History

The sling bullet hits the gargoyle.
The gargoyle is severely damaged.
The zombie hands constrict the gargoyle, but do no damage.
The gargoyle hurls a stone arrow at you.
The stone arrow hits you!
You shoot a sling bullet.
The sling bullet hits the gargoyle but does no damage.
The gargoyle is severely damaged.
The zombie hands constrict the gargoyle, but do no damage.
The gargoyle hits you with a +0 flail of protection!
You shoot a sling bullet. The sling bullet hits the gargoyle!
You destroy the gargoyle!
Kikubaaqudgha accepts your kill.
You start resting.
A gargoyle is nearby!
The sentinel's mark upon you fades away.
You see here a +0 flail of protection.
The gargoyle hurls a stone arrow at you.
The stone arrow hits you!! The gargoyle hits you with a +0 mace!
The gargoyle attacks as it pursues you! The gargoyle hits you with a +0 mace.
Casting: Borgnjor's Vile Clutch (dangerous; 3% risk of failure)
Confirm with . or Enter, or press ? or * to list all spells.
Aiming: Borgnjor's Vile Clutch (dangerous; 3% risk of failure)
Press: ? - help, Shift-Dir - straight line, f - gargoyle
Aim: a gargoyle, wielding a +0 mace (100% to hit)
Zombie hands grab the gargoyle.
The zombie hands constrict the gargoyle, but do no damage.
The gargoyle misses you.
It was a potion of heal wounds.
You feel much better.
The zombie hands constrict the gargoyle, but do no damage.
The gargoyle hits you with a +0 mace!
The zombie hands constrict the gargoyle.
The gargoyle hurls a stone arrow at you.
The stone arrow hits you!!
You die...
Kikubaaqudgha rasps: "You have failed me!
Welcome... death!"

#...............)......>.##
##...#....##.............##
#...)#............#.....##
#...#...............#####
#...#..#............#
#..#...#....##......#
#..#.#.....#........#
#.#..#.....#....###.#
#.#........@..### #.# ###
###......9....#####.######..
##############.........#..
#............ #............
#.........### #.....<......
#..........## #............


You could see a gargoyle (clutched).

Vanquished Creatures
  Harold (D:10)
  Erica (D:9)
  The ghost of Tyszek the Cleaver, a novice MiMo of Okawaru (D:6)
  2 cyclopes
  Joseph (D:8)
  The ghost of zxspectator the Digger, a novice GrEE (D:4)
  A gargoyle (D:10)
  Psyche (D:8)
  Prince Ribbit (D:5)
  A shadow (D:10)
  Sigmund (D:5)
  A wyvern (D:9)
  2 steam dragons
  A water moccasin (D:6)
  An orc warrior (D:8)
  2 black bears (D:4)
  An ogre (D:5)
  4 centaurs
  2 kobold brigands
  4 bullfrogs
  A gnoll sergeant (D:9)
  3 scorpions
  4 wights (D:8)
  9 killer bees
  3 howler monkeys
  A bombardier beetle (D:4)
  A jelly (D:7)
  5 orc priests
  2 gnoll boudas
  3 hounds
  Crazy Yiuf (D:5)
  An iguana (D:7)
  13 gnolls
  8 adders
  A shadow imp (D:5)
  2 white imps
  4 ufetubi (D:6)
  6 dart slugs
  3 ribbon worms
  14 orcs
  6 ball pythons
  4 bats
  7 endoplasms
  2 giant cockroaches
  A goblin (D:2)
  7 hobgoblins
  7 jackals
  3 quokkas
  A frilled lizard (D:2)
  19 kobolds
  6 rats
178 creatures vanquished.

Notes
Turn   | Place    | Note
-------+----------+-------------------------------------------
     0 | D:1      | DildoBatman the Formicid Conjurer began the quest for the
                  | Orb.
     0 | D:1      | Reached XP level 1. HP: 13/13 MP: 3/3
   183 | D:1      | Reached XP level 2. HP: 20/20 MP: 1/5
   186 | D:1      | Learned a level 2 spell: Searing Ray
   538 | D:2      | Reached XP level 3. HP: 21/25 MP: 0/6
   553 | D:2      | Found a faded altar of an unknown god.
   667 | D:2      | Reached skill level 1 in Fighting
   729 | D:2      | Identified the +10 sling "Kacyett" {speed, Str+3}
  1480 | D:3      | Reached skill level 1 in Armour
  1673 | D:3      | Reached XP level 4. HP: 32/32 MP: 7/7
  1710 | D:3      | Found Hog Tuar's Antique Armour Shop.
  1857 | D:3      | Reached skill level 1 in Throwing
  2014 | D:4      | Noticed a black bear
  2019 | D:4      | Killed a black bear
  2020 | D:4      | Reached XP level 5. HP: 38/38 MP: 7/9
  2030 | D:4      | Noticed a black bear
  2035 | D:4      | Killed a black bear
  2036 | D:4      | Reached XP level 6. HP: 44/44 MP: 8/10
  2165 | D:4      | Found a staircase to the Ecumenical Temple.
  2204 | Temple   | Entered the Ecumenical Temple
  2210 | Temple   | Became a worshipper of Kikubaaqudgha
  2427 | D:4      | Found a runed translucent gate.
  2428 | D:4      | Noticed zxspectator's ghost (novice GrEE)
  2428 | D:4      | Found a runed translucent gate.
  2429 | D:4      | Found a runed translucent gate.
  2442 | D:4      | Reached XP level 7. HP: 49/51 MP: 11/11
  2679 | D:5      | Entered Level 5 of the Dungeon
  2717 | D:5      | Noticed Prince Ribbit
  2845 | D:5      | Killed Prince Ribbit
  2846 | D:5      | Reached XP level 8. HP: 58/58 MP: 7/13
  2865 | D:5      | Found a shimmering altar of Xom.
  2875 | D:5      | Reached * piety under Kikubaaqudgha
  2875 | D:5      | Received a gift from Kikubaaqudgha
  2879 | D:5      | Learned a level 2 spell: Sublimation of Blood
  3021 | D:5      | Found a shimmering blue altar of Sif Muna.
  3097 | D:5      | Noticed Sigmund
  3103 | D:5      | Killed Sigmund
  3360 | D:5      | Found a runed translucent door.
  3361 | D:5      | Noticed Crazy Yiuf
  3709 | D:6      | Reached skill level 5 in Throwing
  3709 | D:6      | Reached skill level 5 in Conjurations
  3798 | D:6      | Found a runed translucent door.
  3808 | D:6      | Reached XP level 9. HP: 65/65 MP: 12/15
  3813 | D:6      | Noticed Tyszek's ghost (novice MiMo)
  3915 | D:6      | Found a runed translucent door.
  5137 | D:7      | Reached skill level 5 in Spellcasting
  5231 | D:8      | Noticed Joseph
  5235 | D:8      | Noticed a cyclops
  5337 | D:8      | Reached skill level 5 in Armour
  5340 | D:8      | Reached skill level 5 in Fighting
  5633 | D:8      | Noticed Psyche
  5785 | D:9      | Reached skill level 1 in Necromancy
  5986 | D:9      | Reached ** piety under Kikubaaqudgha
  6116 | D:9      | Noticed a cyclops
  6138 | D:9      | Noticed Erica
  6625 | D:10     | Entered Level 10 of the Dungeon
  6674 | D:10     | Reached XP level 10. HP: 37/74 MP: 9/19
  6736 | D:10     | Noticed Harold
  6770 | D:10     | Noticed a gargoyle
  6857 | D:10     | Noticed a gargoyle
  6988 | D:9      | Reached skill level 5 in Necromancy
  7227 | D:8      | Found Anup's Book Shop.
  7419 | D:8      | Killed Psyche
  7654 | D:8      | Killed a cyclops
  8023 | D:4      | Reached skill level 1 in Shields
  8033 | D:4      | You fall into a shaft and drop 3 floors!
  8359 | D:9      | Killed Erica
  8591 | D:9      | Killed a cyclops
  8591 | D:9      | Reached *** piety under Kikubaaqudgha
  8591 | D:9      | Received a gift from Kikubaaqudgha
  8655 | D:8      | Learned a level 4 spell: Dispel Undead
  8661 | D:8      | Learned a level 5 spell: Borgnjor's Vile Clutch
  8795 | D:4      | Killed zxspectator's ghost
  8925 | D:5      | Killed Crazy Yiuf
  9029 | D:6      | Reached XP level 11. HP: 71/78 MP: 20/20
  9043 | D:6      | Killed Tyszek's ghost
  9044 | D:6      | Reached skill level 5 in Earth Magic
  9180 | D:8      | Killed Joseph
  9197 | D:8      | Identified the +1 dagger of Wyptaegg {freeze, Str+3 Int+6
                  | Dex-4}
  9255 | D:10     | Found Tiqoewk's Weapon Emporium.
  9294 | D:10     | Killed Harold
  9400 | D:10     | Killed from afar by a gargoyle

Illustrated notes

Levels and vault maps discovered:
D:1:      lemuel_arrival_hallway, layout_basic
D:2:      layout_basic, hellmonk_ecumenical_altar_inner_sanctum
D:3:      minmay_diamond_boxcup, layout_basic, serial_shops, shop,
          nicolae_houndstooth_variations
D:4:      layout_loops_cross, minmay_temple_entry_gardened_gates,
          gammafunk_ghost_nasty_kobolds
D:5:      minmay_evil_eye, layout_layer_cave, general_overflow_altar,
          mainiacjoe_overflow_concentric_impassable, uniq_prince_ribbit1,
          uniq_crazy_yiuf_cottage, uniq_sigmund
D:6:      layout_gridville, serial_rivers, chequers_serial_rivers_large_a,
          chequers_serial_rivers_micro_d, chequers_serial_rivers_micro_a,
          chequers_serial_rivers_micro_d, ebering_ghost_sewer_f
D:7:      layout_cave_pods, grunt_decor_resistance
D:8:      layout_cave_pods, serial_shops, shop, chequers_garden,
          nicolae_kite_square_tiling_tiny, minivault_27, uniq_joseph,
          uniq_psyche
D:9:      layout_basic, minmay_misc_feat_five, uniq_erica
D:10:     minmay_recursive_quarters, layout_rooms, nicolae_uskayaw_dance_studio,
          mainiacjoe_overflow_catwalk, serial_shops, shop,
          hangedman_decor_peaks_small, minmay_puff, uniq_urug, uniq_harold
Temple:   eino_narrow_crystal_temple

Skill      XL: |  1  2  3  4  5  6  7  8  9 10 11 |
---------------+----------------------------------+-----
Dodging        | 2 3 |  3.0
Fighting       | 1 2 3 4 5 |  5.0
Armour         | 1 2 3 4 5 |  5.0
Stealth        | 3 4 |  4.0
Throwing       | 1 2 4 5 |  5.0
Spellcasting   | 3 4 6 |  6.1
Conjurations   | 4 5 6 |  6.0
Necromancy     | 4 8 |  8.0
Shields        | 6 |  6.2
Earth Magic    | 3 8 |  8.4

Action                     |  1- 3 |  4- 6 |  7- 9 | 10-12 || total
---------------------------+-------+-------+-------+-------++-------
  Melee: Staff             |     3 |       |       |       ||     3
         Short sword       |     2 |       |       |       ||     2
   Fire: Sling             |    41 |    71 |   200 |   111 ||   423
   Cast: Magic Dart        |    21 |       |     2 |     3 ||    26
         Searing Ray       |     1 |       |    17 |    14 ||    32
         Borgnjor's Vile C |       |       |       |    10 ||    10
         Dispel Undead     |       |       |       |     7 ||     7
Ability: Dig               |       |       |       |     2 ||     2
         Shaft Self        |       |       |       |     1 ||     1
    Use: Potion            |       |       |       |     1 ||     1
 Armour: Robe              |    13 |     1 |    43 |       ||    57
         Steam dragon scal |       |       |       |    88 ||    88
  Dodge: Dodged            |    30 |     4 |    54 |    63 ||   151
